Map: Hard Lead LE

Players

Cosmic - Winner!

  • Race: Protoss Protoss
  • League: Platinum
  • Spawn Location: 11:00

Analysis

  • Race: Zerg Zerg
  • Spawn Location: 5:00

VOD

Have the link to the VOD?

Description

Time

  • Played on: Nov. 11, 2023, 10:01 p.m.
  • Length: 10:49
Show
View Real Time Build Order
Export as new Build Order

Cosmic Protoss - Winner!

Build Orders: 1 Gate Expand, Carriers, Carrier Rush, Timing Attack 

Get SALT Encoding   

  12  0:02  Probe  
  13  0:14  Probe  
  14  0:19  Pylon  
  14  0:26  Probe  
  15  0:38  Gateway  
  15  0:41  Probe  
  16  0:53  Probe  
  17  0:59  Assimilator  
  17  1:05  Probe  
  18  1:17  Probe  
  19  1:30  Probe  
  20  1:33  Nexus  
  20  1:48  Cybernetics Core  
  20  1:52  Assimilator  
  20  1:56  Pylon  
  20  1:58  Probe  
  21  2:10  Probe (Chrono Boost)  
  23  2:22  Probe (Chrono Boost)  
  23  2:24  Adept (Chrono Boost)  
  26  2:30  Stargate, Probe (Chrono Boost)  
  26  2:34  Warp Gate  
  26  2:37  Probe  
  27  2:45  Adept (Chrono Boost)  
  30  2:52  Probe (Chrono Boost)  
  30  2:53  Probe (Chrono Boost)  
  31  3:03  Probe (Chrono Boost)  
  31  3:05  Probe (Chrono Boost)  
  33  3:08  Probe (Chrono Boost)  
  34  3:13  Probe  
  34  3:19  Probe  
  36  3:25  Fleet Beacon, Probe  
  37  3:29  Pylon  
  37  3:31  Probe  
  38  3:37  Probe  
  39  3:47  Probe  
  40  3:49  Probe  
  40  3:53  Gateway  
  40  3:54  Shield Battery  
  41  3:56  Assimilator  
  41  3:59  Assimilator, Probe  
  41  4:01  Probe  
  43  4:06  Stargate  
  43  4:11  Probe  
  44  4:25  Pylon  
  44  4:31  Gateway  
  44  4:32  Gateway  
  44  4:40  Protoss Air Weapons Level 1 (Chrono Boost)  
  44  4:41  Carrier (Chrono Boost), Pylon  
  44  4:42  Pylon, Probe x2  
  52  4:48  Zealot  
  54  4:54  Probe x2  
  56  5:06  Probe  
  57  5:09  Zealot  
  57  5:11  Zealot  
  57  5:12  Carrier (Chrono Boost)  
  67  5:27  Twilight Council  
  67  5:32  Zealot x3  
  73  5:39  Pylon  
  73  5:41  Carrier (Chrono Boost)  
  78  6:03  Carrier  
  84  6:08  Zealot, Pylon  
  84  6:09  Pylon  
  84  6:10  Charge (Chrono Boost)  
  86  6:31  Zealot x2  
  86  6:32  Zealot  
  92  6:38  Stalker  
  94  6:52  Protoss Air Weapons Level 2  
  94  6:56  Carrier (Chrono Boost)  
  100  7:02  Pylon  
  100  7:05  Gateway  
  100  7:07  Stalker  
  102  7:13  Pylon  
  102  7:15  Pylon  
  102  7:22  Zealot x2  
  106  7:23  Pylon  
  112  7:39  Carrier (Chrono Boost)  
  114  8:11  Carrier (Chrono Boost)  
  98  8:21  Zealot x5  
  114  8:37  Carrier (Chrono Boost)  
  114  8:42  Stalker x5  
  124  9:03  Carrier (Chrono Boost)  
  124  9:06  Zealot x2  
  134  9:10  Pylon  
  134  9:12  Pylon  
  118  9:29  Stalker  
  118  9:30  Zealot, Stalker x3  
  104  9:59  Zealot x5  
  94  10:21  Zealot x5  
  98  10:42  Zealot x5  
Show
View Real Time Build Order
Export as new Build Order

Analysis Zerg 

Build Orders: Hatch First 

Get SALT Encoding   

  12  0:01  Drone  
  13  0:12  Overlord  
  13  0:16  Drone  
  14  0:31  Drone x2  
  16  0:48  Drone  
  17  0:54  Hatchery  
  17  0:55  Drone  
  17  0:58  Drone  
  18  1:09  Extractor  
  17  1:14  Spawning Pool  
  17  1:17  Drone  
  17  1:20  Drone  
  18  1:29  Drone  
  19  1:39  Overlord  
  19  1:58  Drone  
  20  2:01  Queen  
  20  2:03  Zergling x2  
  23  2:13  Queen  
  23  2:15  Zergling x2  
  26  2:17  Drone x2  
  28  2:29  Drone  
  29  2:32  Drone, Hatchery  
  29  2:35  Drone  
  30  2:47  Overlord  
  30  2:52  Queen  
  30  2:53  Drone x2  
  34  3:06  Zergling x2  
  34  3:10  Drone x2  
  37  3:16  Drone x2  
  37  3:17  Drone  
  40  3:20  Overlord  
  40  3:23  Drone x2  
  42  3:32  Queen  
  44  3:38  Queen  
  45  3:48  Queen  
  45  4:13  Spore Crawler  
  45  4:15  Drone x2  
  45  4:16  Overlord x2  
  46  4:18  Drone x8  
  54  4:26  Roach Warren  
  54  4:27  Lair  
  54  4:30  Queen  
  55  4:35  Extractor x2  
  53  4:41  Overlord  
  53  4:42  Overlord  
  53  4:45  Queen  
  53  4:48  Drone  
  56  4:55  Drone x2  
  56  4:56  Drone x8  
  66  5:09  Hatchery  
  65  5:15  Drone x7  
  72  5:21  Extractor  
  72  5:22  Extractor  
  72  5:26  Drone x6  
  76  5:33  Spore Crawler  
  75  5:40  Overseer  
  76  5:50  Drone x2  
  76  5:51  Drone  
  76  5:52  Drone  
  76  5:53  Drone x2, Overlord  
  76  5:54  Overlord x4  
  81  5:58  Glial Reconstitution  
  81  6:00  Spire  
  81  6:03  Drone x3  
  81  6:04  Drone x3, Evolution Chamber  
  85  6:22  Metabolic Boost  
  85  6:29  Zerg Missile Weapons Level 1  
  85  6:33  Extractor x2  
  85  6:34  Drone x2  
  85  6:36  Drone  
  86  6:53  Roach x10  
  106  6:58  Extractor  
  106  6:59  Drone x3  
  108  7:05  Queen x4  
  116  7:16  Corruptor  
  116  7:17  Corruptor x4  
  116  7:21  Overlord x2  
  116  7:22  Overlord x2  
  126  7:27  Spore Crawler  
  125  7:34  Corruptor  
  127  7:39  Zerg Flyer Armor Level 1  
  126  7:54  Zergling x14  
  130  8:00  Corruptor x9  
  130  8:04  Hatchery  
  147  8:11  Roach  
  145  8:14  Overlord x2  
  141  8:27  Overlord  
  141  8:28  Overlord x2, Hatchery  
  140  8:48  Overseer x2  
  140  9:09  Corruptor x3  
  142  9:11  Roach  
  142  9:12  Roach x14  
  174  9:21  Roach  
  138  9:36  Corruptor x6  
  126  9:57  Corruptor x3  
  110  10:03  Queen x2  
  110  10:04  Queen x3  
  110  10:06  Zergling x18  
  115  10:11  Roach x2  
  115  10:12  Roach  
  115  10:13  Zergling x2  
  111  10:32  Zergling x2  
Tags
 
Add a new tag
Caveats
  • Supply blocks, unpowered buildings, or Contaminate may cause inaccurate times.
  • Supply counts are checked every 10 seconds.